 Dungeon Crawl Stone Soup version 0.18-a0-1570-gf60b0ab (webtiles) character file.

265 M4edhros the Poker (level 6, -1/42 HPs)
             Began as an Octopode Chaos Knight on Mar 15, 2016.
             Killed by nerve-wracking pain
             ... invoked by an orc priest
              (12 damage)
             ... on level 4 of the Dungeon.
             The game lasted 00:02:26 (2369 turns).

M4edhros the Poker (Octopode Chaos Knight)          Turns: 2369, Time: 00:02:27

Health: -1/42      AC:  1    Str: 11 (14) XL:     6   Next: 20%
Magic:  6/6        EV: 12    Int: 15 (16) God:    Xom [..*...]
Gold:   157        SH:  0    Dex: 11 (13) Spells: 0 memorised, 5 levels left

rFire  . . .     SeeInvis .     a - +0 spear (chaos)
rCold  . . .     Gourm    .     (no shield)
rNeg   . . .     Faith    .     (helmet restricted)
rPois  .         Spirit   .     q - amulet of rage
rElec  .         Dismiss  .     p - +2 ring of strength
rCorr  .         Reflect  .     (no ring)
SustAt .         Harm     .     (no ring)
MR     .....                    (no ring)
Stlth  ++........               (no ring)
                                (no ring)
                                (no ring)
                                (no ring)

@: flying, not resistant to hostile enchantments, unstealthy
A: almost no armour, amphibious, 8 rings, constrict 8, camouflage 1, clever 1,
gelatinous body 1
a: Renounce Religion, Evoke Berserk Rage


You were on level 4 of the Dungeon.
You worshipped Xom.
You were a toy of Xom.
You were not hungry.

You visited 1 branch of the dungeon, and saw 4 of its levels.

You collected 157 gold pieces.

Inventory:

Hand Weapons
 a - a +0 spear of chaos (weapon)
Jewellery
 p - a +2 ring of strength (left tentacle)
 q - an amulet of rage (around mantle)
Scrolls
 c - a scroll of enchant weapon {unknown}
 e - a scroll of remove curse {unknown}
 f - a scroll of random uselessness {unknown}
 g - 2 scrolls of recharging {unknown}
 h - 4 scrolls of fear {unknown}
 i - a scroll of fog {unknown}
 l - a scroll of magic mapping {unknown}
 n - 3 scrolls of identify {unknown}
Potions
 o - a potion of degeneration
 s - a potion of flight
 t - a potion of brilliance {unknown}
Comestibles
 b - 3 bread rations
 d - a meat ration
 k - 3 fruits
 m - a slice of pizza
 r - 3 chunks of flesh


   Skills:
 - Level 3.0 Fighting
 + Level 6.7 Polearms
 - Level 2.3 Dodging


You had 5 spell levels left.
You didn't know any spells.

Dungeon Overview and Level Annotations

Branches:
Dungeon (4/15)
 Temple: D:4-7

Altars:
Gozag
Qazlal
Trog


Innate Abilities, Weirdness & Mutations

You cannot wear most types of armour.
You are amphibious.
You can wear up to eight rings at the same time.
You can use your tentacles to constrict eight enemies at once.
Your skin changes colour to match your surroundings (Stealth).
Your rubbery body absorbs attacks (AC +1).
Your mind is acute. (Int +2)


Message History

It was a potion of flight.
You feel very buoyant.
You fly up into the air.
Xom thinks this is hilarious!
You constrict the orc wizard.
You constrict the orc priest, but do no damage.
The orc priest barely misses you. The orc barely misses you.
The orc wizard hits you but does no damage.
Unknown command.
Unknown command.
Drink which item? (? for menu, Esc to quit)
It was a potion of curing.
You feel better.
Xom thinks this is hilarious!
You constrict the orc wizard.
You constrict the orc priest, but do no damage.
The orc wizard hits you but does no damage.
The orc priest invokes the aid of Beogh against you.
Pain shoots through your body!
You die...
Xom cackles wildly!

....#.##..## #.....#..#
.####....## #.....#..#
....<....# ######......#.#
###.#...## #.............#
# #.#...# .#......#....#
###.####. #.#....#....#
.#..# .# #..#.........#
<..# ..#######.o.......#
.....# ........o@o..#(...#
.........#######oo.....#.#
####.... #......#..# # ##.
##...#.#.o # ..#....# .
#...... .##... .# ...


You could see 2 orc priests, an orc wizard and 2 orcs.

Vanquished Creatures
  A hound (D:4)
  An orc priest (D:3)
  An orc wizard (D:3)
  A hound skeleton (D:4)
  7 adders
  3 worms (D:2)
  3 dart slugs
  A giant gecko (D:3)
  13 orcs
  8 bats
  2 giant cockroaches
  8 goblins
  6 hobgoblins
  5 jackals
  A quokka (D:3)
  A ball python (D:2)
  A ball python skeleton (D:4)
  A giant newt (D:1)
  9 kobolds
  A quokka skeleton (D:3)
  9 rats
83 creatures vanquished.

Notes
Turn   | Place    | Note
--------------------------------------------------------------
     0 | D:1      | M4edhros the Octopode Chaos Knight began the quest for the Orb.
     0 | D:1      | Reached XP level 1. HP: 16/16 MP: 1/1
   157 | D:1      | Reached XP level 2. HP: 10/21 MP: 2/2
   180 | D:1      | XOM: divination: magic mapping
   389 | D:1      | Reached skill level 4 in Polearms
   521 | D:1      | Reached XP level 3. HP: 23/26 MP: 3/3
   733 | D:2      | XOM: cast spell 'Summon Butterflies'
   855 | D:2      | Reached XP level 4. HP: 27/31 MP: 4/4
  1013 | D:2      | Reached skill level 5 in Polearms
  1175 | D:2      | XOM: divination: detect creatures
  1204 | D:3      | Found a faded altar to an unknown god.
  1267 | D:3      | Found an opulent altar of Gozag.
  1381 | D:3      | XOM: potion effect (invisibility)
  1390 | D:3      | Reached XP level 5. HP: 30/36 MP: 5/5
  1450 | D:3      | XOM: harmless Erth miscast
  1495 | D:3      | Found a stormy altar of Qazlal.
  1568 | D:3      | Reached skill level 6 in Polearms
  1571 | D:3      | XOM: smoke on damage
  1739 | D:3      | XOM: divination: magic mapping
  1913 | D:3      | XOM: give mutation
  1913 | D:3      | Gained mutation: Your mind is acute. (Int +2) [Xom's grace]
  2021 | D:3      | XOM: summons 4 hostile shadow creatures
  2115 | D:4      | XOM: scenery: 1 doors open
  2115 | D:4      | Found a bloodstained altar of Trog.
  2157 | D:4      | Reached XP level 6. HP: 29/42 MP: 6/6
  2166 | D:4      | XOM: divination: detect items
  2367 | D:4      | HP: 2/42 [orc/mace of protection (5)]
  2369 | D:4      | Killed from afar by an orc priest

Vault maps used:
D:1:      sevenhm_arrival_forest_fort_small_4
D:2:      first_bread
D:3:      nicolae_overflow_crystal_walls,
          nicolae_gozag_cash_rules_everything_around_me, ecumenical_altar_1
D:4:      lemuel_doored_altar, kennysheep_little_box,
          minmay_temple_entry_statues_pillars, minmay_curled_crystal, tso_altar,
          uniq_duvessa

Skill      XL: |  1  2  3  4  5 |
---------------+----------------+-----
Polearms       | 4 5 6 |  6.7
Fighting       | |  3.0
Dodging        | |  2.3

Action                   |  1- 3 |  4- 6 || total
-------------------------+-------+-------++-------
Melee: Spear             |    89 |   143 ||   232
  Use: Potion            |       |     3 ||     3
 Stab: Sleeping          |    11 |     8 ||    19
       Invisible         |       |     2 ||     2
       Petrifying        |       |     1 ||     1
  Eat: Chunk             |       |     5 ||     5
